 Dungeon Crawl Stone Soup version 0.28-a0-1567-g1695149f81 (webtiles) character file.

Game seed: 6372957477965102767

581 soggyman666 the Ruffian (level 7, -7/66 HPs)
             Began as a Troll Warper on Jan 20, 2022.
             Mangled by a sickly merfolk siren (24 damage)
             ... in a sewer.
             The game lasted 00:09:47 (2126 turns).

soggyman666 the Ruffian (Troll Warper)              Turns: 2126, Time: 00:09:48

Health: -7/66      AC:  4    Str: 22    XL:     7   Next: 13%
Magic:  8/8        EV: 10    Int: 15    God:
Gold:   108        SH:  0    Dex:  9    Spells: 9/9 levels left

rFire   . . .      SeeInvis .     - Unarmed
rCold   . . .      Faith    .   (no shield)
rNeg    . . .      Spirit   .   a - +0 robe
rPois   .          Reflect  .   (helmet restricted)
rElec   .          Harm     .   (no cloak)
rCorr   .          Rampage  .   (gloves unavailable)
Will    .....                   (boots unavailable)
Stlth   +.........              (no amulet)
HPRegen 1.01/turn               d - +6 ring of intelligence
MPRegen 0.11/turn               (no ring)

@: about to teleport, mesmerised, very slow
A: large, unfitting armour, claws 3, regeneration 1, shaggy fur 1, tough skin 1
a: no special abilities


You were in a sewer.
You visited 1 branch of the dungeon, and saw 4 of its levels.
You also visited: Sewer.

You collected 108 gold pieces.

Inventory:

Missiles
 c - 5 boomerangs of dispersal (quivered)
Armour
 a - a +0 robe (worn)
Jewellery
 d - a +6 ring of intelligence (left claw)
Scrolls
 b - 2 scrolls of blinking
 i - a scroll of teleportation
Potions
 e - a potion of brilliance
 f - a potion of cancellation {unknown}
 g - a potion of curing
 j - 2 potions of mutation {unknown}
 l - a potion of might {unknown}


   Skills:
 * Level 2.7 Fighting
 * Level 2.3 Throwing
 + Level 3.2 Dodging
 + Level 0.3 Stealth
 + Level 5.4 Unarmed Combat
 + Level 1.7 Spellcasting
 + Level 2.4 Translocations


You had 9 spell levels left.
You didn't know any spells.
Your spell library contained the following spells:

 Spells                   Type           Power      Damage    Failure   Level
 Blink                    Tloc           16%        N/A       13%         2
 Gell's Gravitas          Tloc           8%         N/A       26%         3
 Lesser Beckoning         Tloc           8%         N/A       26%         3
 Teleport Other           Tloc           8%         N/A       26%         3
 Manifold Assault         Tloc           8%         N/A       93%         5


Dungeon Overview and Level Annotations

Branches:
Dungeon (4/15)              Sewer (1/1)
 Temple: D:4-7

Altars:

Shops:
D:2 [


Innate Abilities, Weirdness & Mutations

You are too large for most types of armour.
You have claws for hands.
Your natural rate of healing is unusually fast.
You are covered in fur. (AC +1)
You have tough skin. (AC +1)


Message History

A sickly merfolk siren is nearby!
A sickly merfolk siren is nearby!
A sickly merfolk siren is nearby!
You cannot move away from the sickly merfolk siren!
You cannot move away from the sickly merfolk siren!
Unknown command.
You cannot move away from the sickly merfolk siren!
You cannot move away from the sickly merfolk siren!
Unknown command.
You cannot move away from the sickly merfolk siren!
You cannot move away from the sickly merfolk siren!
Sorry, you're not good enough to have a special ability.
You don't know any spells.
Sorry, you're not good enough to have a special ability.
You don't know any spells.
Sorry, you're not good enough to have a special ability.
You don't know any spells.
Memorise Blink, consuming 2 spell levels and leaving 7?
The sickly merfolk siren hits you from afar with a +0 trident.
Your memorisation is interrupted.
* * * LOW HITPOINT WARNING * * *
You cannot move away from the sickly merfolk siren!
You don't know any spells.
Sorry, you're not good enough to have a special ability.
Blink to where?
Press: ? - help, Dir - move target You cannot blink away from the sickly merfolk siren!
Blink to where?
Press: ? - help, Dir - move target, f - you
Okay, then.
As you read the scroll of teleportation, it crumbles to dust.
You feel strangely unstable.
The sickly merfolk siren chants its luring song.
You cannot move away from the sickly merfolk siren!
You cannot move away from the sickly merfolk siren!
You cannot move away from the sickly merfolk siren!
You enter the shallow water.
Moving in this stuff is going to be slow.
The sickly merfolk siren hits you from afar with a +0 trident!!
You die...

##### #≈...##
≈≈≈≈...##
#≈≈≈.†.#######
#≈≈≈≈m.†.....#
#≈≈≈≈≈≈@≈≈##.#
####≈###≈≈≈#.#
..≈
###≈≈≈###########
#$$$
#≈≈≈≈≈≈≈≈≈≈≈†≈≈
####
##########≈≈≈≈≈
######## #∩∩≈≈≈≈.
###≈≈≈.# ##≈.##


You could see a sickly merfolk siren (mesmerising).

Vanquished Creatures
  Sigmund (D:2)
  A centaur (D:4)
  An orc priest (D:3)
  A hound (D:3)
  Terence (D:3)
  Natasha (twice) (D:1)
  An orc wizard (D:3)
  3 gnolls
  2 river rats (Sewer)
  5 adders
  A howler monkey skeleton (D:3)
  3 worms
  4 dart slugs
  3 orcs (D:3)
  4 endoplasms
  7 giant cockroaches
  5 goblins
  3 hobgoblins
  2 jackals (D:2)
  8 kobolds
  3 quokkas
  5 ball pythons
  5 bats
  4 frilled lizards
  17 rats
92 creatures vanquished.

Notes
Turn   | Place    | Note
-------+----------+-------------------------------------------
     0 | D:1      | soggyman666 the Troll Warper began the quest for the Orb.
     0 | D:1      | Reached XP level 1. HP: 19/19 MP: 1/1
   166 | D:1      | Reached XP level 2. HP: 28/28 MP: 3/3
   575 | D:1      | Found a faded altar of an unknown god.
   706 | D:2      | Reached XP level 3. HP: 32/35 MP: 4/4
   709 | D:2      | Noticed Natasha
   748 | D:1      | Killed Natasha
   749 | D:1      | Reached skill level 3 in Unarmed Combat
   749 | D:1      | Reached XP level 4. HP: 28/42 MP: 5/5
   756 | D:1      | Noticed Natasha
   764 | D:1      | Killed Natasha
   979 | D:2      | Found Orhac's Antique Armour Shop.
  1273 | D:2      | Reached XP level 5. HP: 49/49 MP: 6/6
  1277 | D:2      | Noticed Sigmund
  1284 | D:2      | Killed Sigmund
  1285 | D:2      | Reached skill level 1 in Throwing
  1285 | D:2      | Reached skill level 4 in Unarmed Combat
  1285 | D:2      | Reached XP level 6. HP: 53/57 MP: 7/7
  1551 | D:3      | Noticed Terence
  1558 | D:3      | Killed Terence
  1771 | D:3      | Reached skill level 5 in Unarmed Combat
  1929 | D:4      | Reached XP level 7. HP: 42/66 MP: 8/8
  2015 | D:4      | Found a glowing drain.
  2023 | Sewer    | Entered a sewer
  2126 | Sewer    | Mangled by a sickly merfolk siren

Illustrated notes

Levels and vault maps discovered:
D:1:      matt_arrival_spirals, layout_basic, dilly_ecumenical_altar_fadedgnrine
D:2:      layout_basic, serial_shops, shop, uniq_natasha, uniq_sigmund
D:3:      layout_basic, uniq_terence
D:4:      layout_rooms, minmay_temple_entry_stoned_glass,
          gup_sewer_entry_bubbles
Sewer:    sewer_sea

Skill      XL: |  1  2  3  4  5  6 |
---------------+-------------------+-----
Dodging        | 2 3 |  3.2
Unarmed Combat | 3 4 5 |  5.4
Fighting       | 2 |  2.7
Throwing       | 1 2 |  2.3
Stealth        | |  0.3
Spellcasting   | |  1.7
Translocations | |  2.4

Action                   |  1- 3 |  4- 6 |  7- 9 || total
-------------------------+-------+-------+-------++-------
Melee: Unarmed           |    46 |   147 |    53 ||   246
       Punch             |       |     1 |       ||     1
  Use: Scroll            |       |     6 |     1 ||     7
 Stab: Sleeping          |       |     1 |     1 ||     2
Armor: Robe              |     9 |    50 |    19 ||    78
Dodge: Dodged            |    16 |    63 |    32 ||   111

Table legend: (Time is in decaauts)
 A = Elapsed time spent in this place.
 B = Non-inter-level travel time spent in this place.
 C = Inter-level travel time spent in this place.
 D = Time resting spent in this place.
 E = Time spent auto-exploring this place.
 F = Levels seen in this place.
 G = Mean time per level.
                   A        B        C        D        E       F      G
               +--------+--------+--------+--------+--------+-----+--------+
         Total |   2137 |   2065 |     72 |     16 |   1211 |   5 |  427.4 |
       Dungeon |   2027 |   1955 |     72 |     16 |   1187 |   4 |  506.8 |
         Sewer |    110 |    110 |      0 |      0 |     24 |   1 |  110.0 |
               +--------+--------+--------+--------+--------+-----+--------+

Top non-repeatable levels by time:
     D:1: 861 daAuts
     D:2: 570 daAuts
     D:3: 473 daAuts
     D:4: 122 daAuts
   Sewer: 110 daAuts
